 Dungeon Crawl Stone Soup version 0.32-a0-799-g95e1662365 (webtiles) character file.

Game seed: 10717629012602269583

1652 cforsyth the Chopper (level 8, -5/71 HPs)
             Began as a Mountain Dwarf Cinder Acolyte on Mar 21, 2024.
             Was a High Priest of Ignis.
             Slain by an iguana (11 damage)
             ... on level 6 of the Dungeon.
             The game lasted 00:10:39 (5868 turns).

cforsyth the Chopper (MDCA)                         Turns: 5868, Time: 00:10:40

Health: -5/71      AC: 15    Str: 19    XL:     8   Next: 68%
Magic:  1/13       EV:  5    Int: 19    God:    Ignis [*****.]
Gold:   321        SH:  0    Dex:  5    Spells: 11/13 levels left

rFire   + . .        a - +0 hand axe (flame)
rCold   . . .        (no shield)
rNeg    . . .        q - +0 plate armour
rPois   .            (no helmet)
rElec   .            l - +2 cloak of Poor Excuses {Int+4}
rCorr   .            (no gloves)
SInv    +            (no boots)
Will    .....        c - amulet of regeneration Stlth
                     v - ring of see invisible
HPRegen 1.11/turn    (no ring)
MPRegen 0.13/turn

%: no passive effects
@: lethally poisoned (-5 -> -7)
A: runic magic, artefact enchanting
a: Renounce Religion, Fiery Armour, Foxfire Swarm, Rising Flame


You were on level 6 of the Dungeon.
You worshipped Ignis.
Ignis was extremely pleased with you.
You visited 1 branch of the dungeon, and saw 6 of its levels.
You also visited: Ossuary.

You collected 321 gold pieces.


Innate Abilities, Weirdness & Mutations

Your spellcasting is much less encumbered by armour.
You can use scrolls of enchantment on lesser artefacts.


   Skills:
 + Level 6.4 Fighting
 + Level 7.1 Axes
 + Level 5.4 Armour
 - Level 3.4 Spellcasting
 + Level 7.1 Fire Magic


You had 11 spell levels left.
You knew the following spells:

 Your Spells              Type           Power      Damage    Failure   Level
X - Scorch                Fire           60%        2d7       2%          2

Your spell library contained the following spells:

 Spells                   Type           Power      Damage    Failure   Level
 Apportation              Tloc           6%         N/A       32%         1
 Necrotise                Necr           12%        1d4       32%         1
 Sting                    Conj/Alch      12%        1d3       32%         1
 Summon Small Mammal      Summ           12%        N/A       32%         1
 Frozen Ramparts          Ice            6%         1d1       69%         3
 Ozocubu's Armour         Ice            3%         N/A       69%         3
 Summon Ice Beast         Ice/Summ       3%         N/A       69%         3
 Metabolic Englaciation   Hex/Ice        1%         N/A       100%        5
 Summon Mana Viper        Hex/Summ       3%         N/A       100%        5
 Conjure Ball Lightning   Conj/Air       1%         3x3d6     100%        6
 Monstrous Menagerie      Summ           1%         N/A       100%        7
 Discord                  Hex            1%         N/A       100%        8
 Disjunction              Tloc           1%         N/A       100%        8

Inventory:

Hand Weapons
 a - a +0 hand axe of flaming (weapon)
Armour
 j - a scarf of resistance
 l - the +2 cloak of Poor Excuses (worn) {Int+4}
   (You found it on level 4 of the Dungeon)

   Int+4:     It affects your intelligence (+4).
 q - a +0 plate armour (worn)
 x - a +2 helmet
Magical Staves
 y - a staff of fire {!a}
Jewellery
 c - an amulet of regeneration (around neck)
 v - a ring of see invisible (left hand)
 C - a ring of ice
 F - a ring of fire
Wands
 w - a wand of flame (19)
 A - a wand of roots (7)
Scrolls
 g - a scroll of revelation
 i - a scroll of summoning
 m - a scroll of vulnerability
 s - a scroll of fear
 t - a scroll of fog {unknown}
 u - 3 scrolls of teleportation {@r2}
 z - a scroll of noise {unknown}
Potions
 b - a potion of might
 d - a potion of mutation
 e - 2 potions of haste {@q3}
 f - 4 potions of curing {@q1}
 h - 3 potions of invisibility
 k - a potion of magic
 n - a potion of lignification
 o - a potion of heal wounds {@q2}
 p - 2 potions of cancellation
 r - a potion of enlightenment {unknown}
 B - a potion of attraction

Dungeon Overview and Level Annotations

Branches:
Dungeon (6/15)            Ossuary (visited)
 Temple: D:4-7

Altars:
Gozag
Qazlal
Sif Muna

Shops:
D:2 *   D:3 (   D:4 *

Annotations:
D:1 1 transporter

####....# *~,,,,,,~▒.......#
........# ▒~,,***.~▒####'#######
........# ▒~,*,,*.~▒............
........# ▒~.*,,▒.~▒............
.<......# ▒~.♣▒▒..~▒............
........# ▒~......~▒............
........# *~~~..~~~▒...>........
........# **▒▒lS▒▒▒▒............
........######..@#...............
.#+######...#..#.##.....######'##
.'....#...........#.....'........
.#....#...........#.....#........
.#....#...........#.....#........
.#....##...##.###.#.....#..###.##
.#....##...##.###.##....#..###.##
##....##...#...#...#....#.......#
...........#...#...'....'.......#


You could see a water moccasin (combustible) and an iguana.


Message History

The iguana bites you but does no damage.
The water moccasin bites you.
* * * LOW HITPOINT WARNING * * *
Unknown command.
Casting: Scorch (safe; 2% risk of failure)
Confirm with . or Enter, or press ? or * to list all spells.
Flames lash the water moccasin.
The water moccasin is almost dead.
The water moccasin's fire resistance burns away.
You feel very sick.
The water moccasin bites you but does no damage.
The iguana barely misses you.
Unknown command.
Unknown command.
You hit the water moccasin but do no damage.
The water moccasin is almost dead.
You barely miss the iguana.
You feel sick.
The water moccasin bites you but does no damage.
The iguana bites you!
* * * LOW HITPOINT WARNING * * *
Unknown command.
Unknown command.
Unknown command.
You closely miss the water moccasin.
The water moccasin is almost dead.
You barely miss the iguana.
You feel sick.
The water moccasin bites you but does no damage.
The iguana bites you!
You die...
Ignis goes out, and joins you in death.

Skill      XL: |  1  2  3  4  5  6  7  8 |
---------------+-------------------------+-----
Armour         | 1 2 3 4 5 |  5.4
Axes           | 4 5 6 7 |  7.1
Fire Magic     | 4 5 6 7 |  7.1
Fighting       | 4 5 6 |  6.4
Spellcasting   | 2 3 |  3.4

Action                     |  1- 3 |  4- 6 |  7- 9 || total
---------------------------+-------+-------+-------++-------
  Melee: Hand axe          |    56 |   105 |   211 ||   372
   Cast: Scorch            |    24 |    39 |    38 ||   101
    Use: Scroll            |       |    13 |     5 ||    18
 Armour: Robe              |    52 |       |       ||    52
         Leather armour    |       |     5 |       ||     5
         Plate armour      |       |   101 |   247 ||   348
  Dodge: Dodged            |    43 |    20 |    52 ||   115

Levels and vault maps discovered:
D:1:      spicycebolla_arrival_risky_transporter, layout_basic,
          minmay_box_of_dots
D:2:      layout_loops_ring, serial_shops, nicolae_shop_gibbet_a_chance,
          st_stairs_6
D:3:      layout_rooms, nicolae_sif_muna_little_library,
          ebering_ecumenical_altar_box, serial_shops, shop_statue, uniq_sigmund
D:4:      layout_rooms, chequers_ossuary_entry_cave, nicolae_shop_fire_sale
          [nicolae_sub_dead_trees], uniq_duvessa
D:5:      layout_gridville, grunt_gozag_breadcrumbs
D:6:      cheibrodos_steamvent, layout_gridville,
          nicolae_qazlal_style_of_elements, kennysheep_generic_room_7

Notes
Turn   | Place    | Note
-------+----------+-------------------------------------------
     0 | D:1      | cforsyth the Mountain Dwarf Cinder Acolyte began the quest
                  | for the Orb.
     0 | D:1      | Reached XP level 1. HP: 19/19 MP: 2/2
   170 | D:1      | Reached XP level 2. HP: 26/26 MP: 3/3
   281 | D:1      | Learned a level 2 spell: Scorch
   785 | D:2      | Found Rad Duim's Assorted Antiques.
   792 | D:2      | Reached skill level 1 in Armour
   888 | D:1      | Reached skill level 4 in Axes
   888 | D:1      | Reached skill level 4 in Fire Magic
   914 | D:2      | Reached XP level 3. HP: 31/31 MP: 0/5
  1497 | D:3      | Noticed Sigmund
  1788 | D:3      | Killed Sigmund
  1789 | D:3      | Reached skill level 4 in Fighting
  1789 | D:3      | Reached skill level 2 in Armour
  1789 | D:3      | Reached skill level 2 in Spellcasting
  1789 | D:3      | Reached XP level 4. HP: 39/40 MP: 1/7
  1789 | D:3      | Reached XP level 5. HP: 45/46 MP: 1/8
  2206 | D:3      | Found a faded altar of an unknown god.
  2376 | D:3      | Found Alenk's Antique Weapon Boutique.
  2462 | D:3      | Reached XP level 6. HP: 53/53 MP: 6/9
  2648 | D:3      | Found a shimmering blue altar of Sif Muna.
  3219 | D:4      | Found Hecunn's Fire Supplies.
  3285 | D:4      | Reached skill level 5 in Fire Magic
  3416 | D:4      | Identified a scarf of resistance
  3465 | D:4      | Reached skill level 5 in Axes
  3514 | D:4      | Noticed Dowan
  3515 | D:4      | Noticed Duvessa
  3518 | D:4      | Found a sand-covered staircase.
  3522 | D:4      | Identified the +2 cloak of Poor Excuses {Int+4}
  3526 | Ossuary  | Entered an ossuary
  3633 | Ossuary  | Reached skill level 3 in Armour
  3683 | Ossuary  | Reached XP level 7. HP: 49/60 MP: 11/11
  3776 | Ossuary  | Reached skill level 5 in Fighting
  3891 | Ossuary  | Reached skill level 3 in Spellcasting
  3993 | D:4      | Killed Duvessa
  3994 | D:4      | Reached skill level 4 in Armour
  3994 | D:4      | Reached skill level 6 in Fire Magic
  4015 | D:4      | Killed Dowan
  4016 | D:4      | Reached skill level 6 in Axes
  4274 | D:5      | Entered Level 5 of the Dungeon
  4399 | D:5      | Reached XP level 8. HP: 65/69 MP: 1/13
  4655 | D:5      | Found an opulent altar of Gozag.
  5039 | D:6      | Reached skill level 6 in Fighting
  5057 | D:6      | Reached skill level 5 in Armour
  5571 | D:6      | Reached skill level 7 in Fire Magic
  5604 | D:6      | Found a stormy altar of Qazlal.
  5606 | D:6      | Noticed an air elemental
  5662 | D:6      | Reached skill level 7 in Axes
  5867 | D:6      | HP: 6/71 [iguana (9)]
  5868 | D:6      | Slain by an iguana

Vanquished Creatures
  Sigmund (D:3)
  2 steam dragons (D:6)
  Duvessa (D:4)
  A weeping skull (Ossuary)
  2 elf zombies (Ossuary)
  A bullfrog (D:6)
  2 scorpions
  Dowan (D:4)
  A howler monkey (D:5)
  2 hounds
  A centaur zombie (Ossuary)
  3 bombardier beetles
  A gnoll bouda (D:6)
  A human zombie (Ossuary)
  A sleepcap (D:5)
  A spectral scorpion (Ossuary)
  3 iguanas
  An orc wizard (D:3)
  A crocodile zombie (Ossuary)
  4 hound zombies (Ossuary)
  3 mummies (Ossuary)
  6 adders
  2 ufetubi (D:6)
  3 adder zombies (Ossuary)
  A dart slug (D:3)
  2 ribbon worms
  5 orcs
  3 bats
  3 endoplasms
  5 giant cockroaches
  2 gnoll zombies (Ossuary)
  5 hobgoblins
  5 jackals
  6 quokkas
  5 ball pythons
  6 ball python zombies (Ossuary)
  5 frilled lizards
  4 goblins
  3 jackal zombies (Ossuary)
  3 kobolds
  4 kobold zombies (Ossuary)
  2 orc zombies (Ossuary)
  5 rats
119 creatures vanquished.

Table legend: (Time is in decaauts)
 A = Elapsed time spent in this place.
 B = Non-inter-level travel time spent in this place.
 C = Inter-level travel time spent in this place.
 D = Time resting spent in this place.
 E = Time spent auto-exploring this place.
 F = Levels seen in this place.
 G = Mean time per level.
                   A        B        C        D        E       F      G
               +--------+--------+--------+--------+--------+-----+--------+
         Total |   5887 |   5785 |    102 |    355 |   4106 |   7 |  841.0 |
       Dungeon |   5418 |   5316 |    102 |    351 |   3921 |   6 |  903.0 |
       Ossuary |    468 |    468 |      0 |      4 |    185 |   1 |  468.0 |
               +--------+--------+--------+--------+--------+-----+--------+

Top non-repeatable levels by time:
     D:2: 1337 daAuts
     D:3: 1108 daAuts
     D:6: 917 daAuts
     D:1: 781 daAuts
     D:5: 674 daAuts
     D:4: 599 daAuts
 Ossuary: 468 daAuts

Table legend:
 A = Non-vault XP
 B = Vault XP
 C = Vault XP percentage of total XP
 D = Non-vault monster count
 E = Vault monster count
 F = Vault count percentage of total count
                 A         B        C        D         E       F
            +---------+---------+-------+---------+---------+-------
      Total |     828 |    1532 |  64.9 |      75 |      44 |  37.0
            +---------+---------+-------+---------+---------+-------
        D:1 |      25 |       5 |  16.7 |      15 |       3 |  16.7
        D:2 |      38 |       0 |   0.0 |      15 |       0 |   0.0
        D:3 |     100 |     239 |  70.5 |      16 |       1 |   5.9
        D:4 |      83 |     214 |  72.1 |      14 |       2 |  12.5
        D:5 |     385 |       0 |   0.0 |      10 |       0 |   0.0
        D:6 |     197 |     458 |  69.9 |       5 |       4 |  44.4
    Ossuary |       0 |     616 | 100.0 |       0 |      34 | 100.0
            +---------+---------+-------+---------+---------+-------
